 Dungeon Crawl Stone Soup version 0.28-a0-751-gef3a642a4e (webtiles) character file.

Game seed: 672789434622570309

1132 Johnny the Carver (level 8, -5/64 HPs)
             Began as a Human Berserker on Oct 30, 2021.
             Was a Priest of Trog.
             Slain by a yak (7 damage)
             ... on level 10 of the Dungeon.
             The game lasted 00:03:32 (4826 turns).

Johnny the Carver (Human Berserker)                 Turns: 4826, Time: 00:03:32

Health: -5/64      AC:  5    Str: 20    XL:     8   Next: 62%
Magic:  8/8        EV: 12    Int:  7    God:    Trog [***...]
Gold:   207        SH:  0    Dex: 13    Spells: 7/7 levels left

rFire   + . .      SeeInvis .   o - +1 falchion (protect)
rCold   . . .      Faith    .   (no shield)
rNeg    . . .      Spirit   .   q - +2 robe of Carved Fun {Will++}
rPois   .          Reflect  .   m - +0 helmet
rElec   .          Harm     .   (no cloak)
rCorr   .          Rampage  .   (no gloves)
Will    +....                   (no boots)
Stlth   +.........              (no amulet)
HPRegen 0.20/turn               j - ring of protection from fire
MPRegen 0.11/turn               (no ring)

@: weak-willed, on berserk cooldown, slowed, very slow
A: no striking features
a: Renounce Religion, Berserk, Trog's Hand


You were on level 10 of the Dungeon.
You worshipped Trog.
Trog was most pleased with you.
You visited 1 branch of the dungeon, and saw 7 of its levels.

You collected 207 gold pieces.

Inventory:

Hand Weapons
 o - a +1 falchion of protection (weapon)
Armour
 d - a +0 ring mail
 m - a +0 helmet (worn)
 q - the +2 robe of Carved Fun (worn) {Will++}
   (You found it on level 4 of the Dungeon)

   Will:      It greatly increases your willpower.
 s - a +0 pair of gloves
Jewellery
 a - a ring of flight
 j - a ring of protection from fire (left hand)
Wands
 p - a wand of iceblast (4)
Scrolls
 h - 3 scrolls of identify
 i - 3 scrolls of magic mapping
 l - a scroll of noise {unknown}
 r - a scroll of blinking {unknown}
Potions
 e - a potion of degeneration {unknown}
 f - a potion of brilliance {unknown}
 g - 3 potions of curing {unknown}
 k - a potion of haste {unknown}
 n - 2 potions of lignification {unknown}


   Skills:
 + Level 6.2 Fighting
 * Level 8.5 Long Blades
 - Level 2.0 Armour
 - Level 2.0 Dodging


You had 7 spell levels left.
You didn't know any spells.
Your spell library was empty.

Dungeon Overview and Level Annotations

Branches:
Dungeon (5/15)
 Temple: D:4-7

Altars:
Qazlal
Trog


Message History

The yak gores you.
You hit the yak.
The yak is severely wounded.
You slash the yak!
The yak is almost dead.
The yak gores you but does no damage.
You slash the yak!
You kill the yak!
Trog accepts your kill. The yak gores you!
You closely miss the yak. You slash the yak!
The yak is lightly wounded.
You are no longer berserk.
You are exhausted.
You feel yourself slow down. The yak gores you but does no damage.
The yak barely misses you.
You hit the yak.
The yak is moderately wounded.
The yak gores you! The yak gores you. The yak gores you! The yak gores you.
The yak gores you but does no damage. The yak gores you.
As you read the scroll labelled KAILIPTODOF, it crumbles to dust.
It is a scroll of identify.
i - 3 scrolls of magic mapping The yak gores you.
The yak gores you but does no damage. The yak barely misses you.
Okay, then.
Okay, then.
Okay, then.
As you read the scroll labelled IFY TEOLIOCUGHUT, it crumbles to dust.
The scroll dissolves into smoke.
It was a scroll of fog.
The yak gores you!
* * * LOW HITPOINT WARNING * * *
The yak gores you.
* * * LOW HITPOINT WARNING * * *
The yak gores you but does no damage. The yak barely misses you.
The yak completely misses you.
As you read the scroll labelled OTWIRH DEHECLE, it crumbles to dust.
Magic quickly surges around you.
It was a scroll of vulnerability.
The yak barely misses you. The yak gores you!
You die...

### ##.# ##.†##
...#.#§§Y.###
......§@Y...#
......§§Y...#
.......##...###
..............#
..............### #
................###....
..#....................
.###....Y......#.#.....
............#.# ....


You could see 3 yaks.

Vanquished Creatures
  2 yaks (D:10)
  A steam dragon (D:4)
  An ice beast (D:5)
  A necrophage (D:4)
  An ogre (D:4)
  A phantom (D:5)
  3 orc priests (D:5)
  2 centaur skeletons (D:4)
  2 iguanas (D:5)
  An orc wizard (D:5)
  5 adders
  4 gnolls (D:3)
  A white imp (D:5)
  3 dart slugs
  3 orcs
  A bat skeleton (D:2)
  9 endoplasms
  5 giant cockroaches
  8 goblins
  8 hobgoblins
  3 jackals (D:3)
  2 quokkas
  2 ball pythons (D:2)
  4 bats
  5 frilled lizards
  A giant cockroach zombie (D:2)
  5 kobolds
  A rat (D:3)
85 creatures vanquished.

Vanquished Creatures (others)
  5 withered plants (D:2)
5 creatures vanquished.

Grand Total: 90 creatures vanquished

Notes
Turn   | Place    | Note
-------+----------+-------------------------------------------
     0 | D:1      | Johnny the Human Berserker began the quest for the Orb.
     0 | D:1      | Reached XP level 1. HP: 18/18 MP: 1/1
   189 | D:1      | Reached XP level 2. HP: 24/24 MP: 2/2
   842 | D:1      | Reached XP level 3. HP: 29/29 MP: 3/3
  1380 | D:2      | Reached ** piety under Trog
  1702 | D:2      | Reached skill level 4 in Long Blades
  1797 | D:2      | Reached XP level 4. HP: 36/36 MP: 4/4
  2538 | D:3      | Found a faded altar of an unknown god.
  2800 | D:3      | Found a stormy altar of Qazlal.
  2879 | D:3      | Reached XP level 5. HP: 27/42 MP: 5/5
  3256 | D:3      | Reached skill level 5 in Long Blades
  3747 | D:4      | Noticed a necrophage
  3766 | D:4      | Reached XP level 6. HP: 47/48 MP: 6/6
  3768 | D:4      | Killed a necrophage
  3955 | D:4      | Noticed an ogre
  3965 | D:4      | Killed an ogre
  3966 | D:4      | Reached skill level 6 in Long Blades
  3966 | D:4      | Reached XP level 7. HP: 50/55 MP: 7/7
  4109 | D:4      | Identified the +7 flail "Imymn" {elec, Fragile rElec rF+}
  4109 | D:4      | Noticed a steam dragon
  4138 | D:4      | Killed a steam dragon
  4139 | D:4      | Reached skill level 5 in Fighting
  4315 | D:4      | Identified the +2 robe of Carved Fun {Will++}
  4444 | D:5      | Entered Level 5 of the Dungeon
  4667 | D:5      | Reached skill level 7 in Long Blades
  4682 | D:5      | Reached XP level 8. HP: 63/63 MP: 8/8
  4713 | D:5      | Reached *** piety under Trog
  4768 | D:5      | You fall into a shaft and drop 2 floors!
  4781 | D:7      | You fall into a shaft and drop 3 floors!
  4781 | D:10     | Entered Level 10 of the Dungeon
  4781 | D:10     | Noticed a yak
  4781 | D:10     | Found a bloodstained altar of Trog.
  4805 | D:10     | Noticed a yak
  4808 | D:10     | Killed a yak
  4809 | D:10     | Reached skill level 8 in Long Blades
  4810 | D:10     | Noticed a yak
  4810 | D:10     | Noticed a yak
  4811 | D:10     | Noticed a yak
  4819 | D:10     | Killed a yak
  4825 | D:10     | HP: 2/64 [yak (6)]
  4826 | D:10     | Slain by a yak

Illustrated notes

Levels and vault maps discovered:
D:1:      heliophobic_arrival_glass_houses, layout_basic
D:2:      layout_loops_ring, serial_undead, serial_undead_f, serial_undead_f,
          serial_undead_b, serial_undead_a, serial_undead_b, serial_undead_c,
          minmay_pentomino_p4
D:3:      layout_basic, nicolae_qazlal_scattered_showers, basic_ecumenical_altar
D:4:      layout_rooms
D:5:      layout_basic, minmay_temple_entry_hall
D:7:      layout_gridville, gammafunk_ghost_grave
D:10:     minmay_the_grid_triangle_9x9_recursive_2_mashed
          [minmay_the_grid_triangle_9x9_prize_insulated,
          minmay_the_grid_triangle_9x9_sprig,
          minmay_the_grid_triangle_9x9_zippers_vertical,
          minmay_the_grid_triangle_9x9_warning], layout_cave_pools,
          mainiacjoe_overflow_tiny_flanked, serial_shops,
          nicolae_shop_behind_doors, minmay_sticks_and_stones

Skill      XL: |  1  2  3  4  5  6  7  8 |
---------------+-------------------------+-----
Long Blades    | 4 5 6 7 8 |  8.5
Fighting       | 4 5 6 |  6.2
Armour         | |  2.0
Dodging        | |  2.0

Action                   |  1- 3 |  4- 6 |  7- 9 || total
-------------------------+-------+-------+-------++-------
Melee: Falchion          |   114 |   139 |    75 ||   328
Invok: Berserk           |     1 |     5 |     4 ||    10
       Trog's Hand       |       |     1 |     2 ||     3
  Use: Scroll            |       |       |     3 ||     3
 Stab: Sleeping          |       |       |     1 ||     1
Armor: Animal skin       |     4 |       |       ||     4
       Ring mail         |    38 |    43 |       ||    81
       Robe              |       |       |    33 ||    33
Dodge: Dodged            |    68 |    95 |    27 ||   190

Table legend: (Time is in decaauts)
 A = Elapsed time spent in this place.
 B = Non-inter-level travel time spent in this place.
 C = Inter-level travel time spent in this place.
 D = Time resting spent in this place.
 E = Time spent auto-exploring this place.
 F = Levels seen in this place.
 G = Mean time per level.
                   A        B        C        D        E       F      G
               +--------+--------+--------+--------+--------+-----+--------+
         Total |   4897 |   4729 |    168 |    486 |   3520 |   7 |  699.6 |
       Dungeon |   4897 |   4729 |    168 |    486 |   3520 |   7 |  699.6 |
               +--------+--------+--------+--------+--------+-----+--------+

Top non-repeatable levels by time:
     D:1: 1337 daAuts
     D:2: 1229 daAuts
     D:3: 988 daAuts
     D:4: 954 daAuts
     D:5: 334 daAuts
    D:10: 40 daAuts
     D:7: 12 daAuts
